Description

CO-OP Void Thrashing A and B type red wave 内含A型和B型两种进攻波次 从第一波触发时间进行分辨 两种类型的背板以AB开头的单位来区分

Build Order

Get SALT Encoding   

  1  3:00  Action 右到中  
  2  6:00  Action 右到中  
  3  9:00  Action 左到左分矿(50%)或中(50%)  
  4  12:00  Action 左到中  
  5  15:00  Action 左到右分矿(50%)或中(50%)  
  6  18:00  Action  
  7  21:00  Action  
  21  4:00  Bunker 左→中  
  22  8:00  Bunker 右→中  
  23  10:00  Bunker 左→左分矿  
  24  14:00  Bunker 左→中  
  25  16:00  Bunker 右→右分矿  
  26  20:00  Bunker 左→  
  27  22:00  Bunker 右→  
Spawning Tool Build Advisor. Get it on Overwolf

Go to:

Details

  • Created by: Arbalest
  • Published on: Jan 01, 2020
  • Modified on: Jan 01, 2020
  • Patch: 4.11.0
Show
View Real Time Build Order
Export as new Build Order

Comments (0)

There are no comments. Be the first!

Create an account to comment!